 Dungeon Crawl Stone Soup version 0.14-a0-1721-g84c87b2 (webtiles) character file.

278 Nicoed the Ducker (level 5, -8/41 HPs)
             Began as a Demonspawn Fighter on Jan 2, 2014.
             Killed by divine providence
             ... invoked by an orc priest
              (10 damage)
             ... on Level 3 of the Dungeon.
             The game lasted 00:08:10 (2225 turns).

Nicoed the Ducker (Demonspawn Fighter)              Turns: 2225, Time: 00:08:10

HP  -8/41        AC 12     Str 17      XL: 5   Next:  2%
MP   0/5         EV  1     Int 10      God:
Gold 138         SH 17     Dex 12      Spells:  0 memorised,  4 levels left

rFire  + . .     SeeInvis .     b - +2,+0 spear (slay drac)
rCold  . . .     Clarity  .     g - +0 plate armour
rNeg   . . .     Conserve .     f - +0 shield
rPois  .         rCorr    .     (no helmet)
rElec  .         rRot     .     a - +0 cloak
SustAb . .       Spirit   +     (no gloves)
rMut   .         Warding  .     (no boots)
Saprov . . .     Stasis   .     (no amulet)
                                (no ring)
                                c - ring of protection from fire

@: drained, slightly resistant to hostile enchantments, extremely unstealthy
A: talons 1, magic shield, magic regeneration
a: no special abilities


You were on level 3 of the Dungeon.
You were not hungry.

You visited 1 branch of the dungeon, and saw 3 of its levels.

You collected 138 gold pieces.

Inventory:

Hand weapons
 b - a +2,+0 spear of dragon slaying (weapon)
Armour
 a - a +0 cloak (worn)
 f - a +0 shield (worn)
 g - a +0 plate armour (worn)
Comestibles
 p - a bread ration
Scrolls
 h - a scroll of fog
 j - a scroll of enchant armour
 l - a scroll of remove curse {unknown}
 o - a scroll of curse jewellery {unknown}
Jewellery
 c - a ring of protection from fire (left hand)


   Skills:
 - Level 3.0(2.8) Fighting
   Level 2.0(1.8) Axes
 - Level 2.6(2.4) Armour
 * Level 4.1(3.9) Dodging
 - Level 2.6(2.4) Shields


You had 4 spell levels left.
You didn't know any spells.

Dungeon Overview and Level Annotations

Branches:
Dungeon (3/16)

Altars:

Annotations:
D:3 Nicoed's ghost, average TeFi


Innate Abilities, Weirdness & Mutations

You have sharp toenails.
When hurt, damage is shared between your health and your magic reserves.
You regenerate magic rapidly.


Message History

Nicoed's ghost hits you.
* * * LOW HITPOINT WARNING * * *
You block the orc's attack.
You completely miss the orc priest. You claw the orc priest.
The orc priest is moderately wounded.
Nicoed's ghost hits you but does no damage.
The orc priest hits you but does no damage.
You block the orc's attack. You block Nicoed's ghost's attack.
You hit the orc priest but do no damage.
Your kick misses the orc priest.
The orc priest is moderately wounded.
The orc priest hits you but does no damage.
You block the orc's attack. You block Nicoed's ghost's attack.
Unknown command.
You hit the orc priest but do no damage.
You claw the orc priest.
The orc priest is heavily wounded.
The orc priest invokes the aid of Beogh against you.
Something smites you!
You die...

#.#....#.# #.# #.# ...#.#
#.# #.# #..#.# #.# #.#
#..#.# #.# #.# #..#.# #.#
### ###.###..#.# #.#
....##....%.....####.####
..................).......
....##.p@o......####.####
#..o.......# #o#
#..........# #.#
..............####.####
........................
##.####.#.......###.####
#. ...#.....$......#
...#..............
...#...............


You could see an orc priest, Nicoed's ghost and an orc.

Vanquished Creatures
  Crazy Yiuf (D:2)
  Ijyb (D:2)
  A gnoll (D:1)
  2 adders
  A worm (D:2)
  4 giant geckos (D:2)
  3 orcs (D:3)
  A ball python (D:1)
  4 giant cockroaches
  4 goblins
  6 hobgoblins
  10 jackals
  A quokka (D:2)
  6 bats
  3 giant newts
  5 kobolds
  2 rats
55 creatures vanquished.

Notes
Turn   | Place    | Note
--------------------------------------------------------------
     0 | D:1      | Nicoed, the Demonspawn Fighter, began the quest for the Orb.
     0 | D:1      | Reached XP level 1. HP: 18/18 MP: 1/1
   136 | D:1      | Reached skill level 1 in Dodging
   261 | D:1      | Gained mutation: You have sharp toenails. [demonic ancestry]
   261 | D:1      | Reached XP level 2. HP: 17/24 MP: 2/2
   576 | D:1      | Gained mutation: When hurt, damage is shared between your health and your magic reserves. [demonic ancestry]
   576 | D:1      | Reached XP level 3. HP: 27/29 MP: 3/3
  1179 | D:2      | Gained mutation: You regenerate magic rapidly. [demonic ancestry]
  1179 | D:2      | Reached XP level 4. HP: 35/35 MP: 4/4
  1316 | D:2      | Noticed Ijyb
  1340 | D:2      | Killed Ijyb
  1351 | D:2      | Noticed Crazy Yiuf
  1359 | D:2      | Gained mutation: You digest meat inefficiently. [potion of mutation]
  1359 | D:2      | Gained mutation: You have a fast metabolism. [potion of mutation]
  1359 | D:2      | Gained mutation: You possess an exceptional clarity of mind. [potion of mutation]
  1362 | D:2      | Killed Crazy Yiuf
  1367 | D:2      | Lost mutation: You possess an exceptional clarity of mind. [potion of cure mutation]
  1367 | D:2      | Lost mutation: You have a fast metabolism. [potion of cure mutation]
  1367 | D:2      | Lost mutation: You digest meat inefficiently. [potion of cure mutation]
  1842 | D:3      | Reached skill level 4 in Dodging
  1866 | D:3      | Noticed Nicoed's ghost (average TeFi)
  1892 | D:3      | Reached XP level 5. HP: 4/41 MP: 5/5
  1911 | D:3      | HP: 2/41 [Nicoed's ghost (4)]
  2222 | D:3      | HP: 1/41 [Nicoed's ghost (5)]
  2225 | D:3      | Killed from afar by an orc priest

Action                   |  1- 3 |  4- 6 || total
-------------------------+-------+-------++-------
Melee: Hand axe          |    41 |       ||    41
       Spear             |   100 |    96 ||   196
  Use: Potion            |       |     9 ||     9
       Scroll            |       |     2 ||     2
